 Dungeon Crawl Stone Soup version 0.27-a0-1291-geefcff550b (webtiles) character file.

Game seed: 4400606320976431786

6562 thriggle the Shield-Bearer (level 10, -2/96 HPs)
             Began as a Troll Monk on June 15, 2021.
             Was a Priest of Yredelemnul.
             Killed from afar by a frost giant (27 damage)
             ... with a bolt of cold
             ... on level 10 of the Dungeon.
             The game lasted 00:41:23 (8819 turns).

thriggle the Shield-Bearer (Troll Monk)             Turns: 8819, Time: 00:41:23

Health: -2/96      AC: 10    Str: 22    XL:     10   Next: 70%
Magic:  12/12      EV: 14    Int:  6    God:    Yredelemnul [***...]
Gold:   1700       SH: 16    Dex: 14    Spells: 9/9 levels left

rFire    . . .     SeeInvis +   S - +1 morningstar (protect)
rCold    . . .     Faith    .   G - +1 kite shield {AC+3}
rNeg     . . .     Spirit   .   O - +0 troll leather armour
rPois    .         Reflect  +   (helmet restricted)
rElec    .         Harm     .   F - +0 cloak
rCorr    .         Rampage  .   (gloves unavailable)
Will     .....                  (boots unavailable)
Stlth    ++........             P - amulet of reflection
HPRegen  2.26/turn              j - +4 ring of evasion
MPRegen  0.13/turn              A - ring of see invisible

@: no status effects
A: large, unfitting armour, claws 3, regeneration 1, shaggy fur 1, tough skin 1
a: Renounce Religion, Recall Undead Slaves, Injury Mirror, Animate Dead


You were on level 10 of the Dungeon.
You worshipped Yredelemnul.
Yredelemnul was most pleased with you.
You visited 1 branch of the dungeon, and saw 10 of its levels.
You also visited: Ossuary.

You collected 1700 gold pieces.

Inventory:

Hand Weapons
 a - a +0 mace
 q - a +2 flail
 x - a +0 giant spiked club
 S - a +1 morningstar of protection (weapon)
Missiles
 d - 263 stones
 g - 2 atropa-tipped darts
 k - 66 poisoned darts
 t - 3 silver javelins
 L - a throwing net (quivered)
 M - a curare-tipped dart
Armour
 b - a +2 robe
 m - a +2 kite shield
 F - a +0 cloak (worn)
 G - a +1 kite shield of protection (worn)
 O - a +0 troll leather armour (worn)
Jewellery
 j - a +4 ring of evasion (left claw)
 A - a ring of see invisible (right claw)
 K - an amulet of regeneration
 P - an amulet of reflection (around neck)
Wands
 o - a wand of iceblast (13)
 D - a wand of flame (11)
 H - a wand of paralysis (6)
Scrolls
 c - 4 scrolls of fear
 e - 4 scrolls of teleportation
 f - a scroll of silence
 h - 3 scrolls of vulnerability
 i - 3 scrolls of magic mapping
 B - a scroll of blinking {unknown}
 R - a scroll of immolation {unknown}
Potions
 n - 2 potions of invisibility
 r - a potion of ambrosia {unknown}
 u - 4 potions of degeneration
 v - 2 potions of heal wounds
 z - 5 potions of curing
 C - 3 potions of cancellation
 E - a potion of brilliance
 I - a potion of lignification {unknown}
 J - 2 potions of mutation {unknown}
 N - 2 potions of flight {unknown}
 Q - a potion of attraction {unknown}


   Skills:
 + Level 5.4 Fighting
 + Level 6.0 Maces & Flails
 + Level 5.2 Throwing
 + Level 5.5 Dodging
 + Level 3.7 Stealth
 + Level 6.3 Shields
 + Level 5.1 Invocations
 - Level 1.0 Evocations


You had 9 spell levels left.
You didn't know any spells.
Your spell library contained the following spells:

 Spells                   Type           Power      Damage    Failure   Level
 Foxfire                  Conj/Fire      0%         2x1d4     71%         1
 Shock                    Conj/Air       0%         1d3       71%         1
 Static Discharge         Conj/Air       0%         N/A       83%         2
 Conjure Flame            Conj/Fire      0%         6-21      97%         3
 Inner Flame              Hex/Fire       0%         N/A       97%         3
 Swiftness                Air            0%         N/A       97%         3
 Airstrike                Air            0%         N/A       100%        4
 Sticky Flame             Conj/Fire      0%         2d3       100%        4
 Fireball                 Conj/Fire      0%         3d3       100%        5
 Lightning Bolt           Conj/Air       0%         1d11      100%        5


Dungeon Overview and Level Annotations

Branches:
Dungeon (10/15)            Temple (0/1) D:6         Ossuary (visited)
   Lair: D:8-11         Orc: D:9-12

Altars:
Okawaru
Yredelemnul


Innate Abilities, Weirdness & Mutations

You are too large for most types of armour.
You have claws for hands.
Your natural rate of healing is unusually fast.
You are covered in fur. (AC +1)
You have tough skin. (AC +1)


Message History

You puncture Erica!
You kill Erica!
Yredelemnul accepts your kill.
Your Maces & Flails skill increases to level 6!
Your Invocations skill increases to level 5!
Things that are here:
a +0 scimitar of flaming; a +0 robe; the human corpse of Erica You call on the dead to rise...
The dead are walking!
You swap places.
k - 61 poisoned darts (gained 1)
k - 63 poisoned darts (gained 2)
k - 64 poisoned darts (gained 1)
g - 2 atropa-tipped darts (gained 1)
L - a throwing net;
k - 66 poisoned darts (gained 2)
A frost giant is nearby!
Press: ? - help, v - describe, . - travel
Here: a frost giant, wielding the +8 frozen axe "Frostbite" {freezing cloud, *Noise Fly rC+} The floor.
Aiming: Throw Flame
Press: ? - help, Shift-Dir - straight line, f - frost giant
Aim: a frost giant, wielding the +8 frozen axe "Frostbite" {freezing cloud, *Noise Fly rC+} (97% to hit)
The puff of flame hits the frost giant but does no damage.
The frost giant casts a spell at you. The bolt of cold hits you!!!
Aiming: Throw Flame
Press: ? - help, Shift-Dir - straight line, f/p - frost giant
Aim: a frost giant, wielding the +8 frozen axe "Frostbite" {freezing cloud, *Noise Fly rC+} (ally target, 97% to hit)
The puff of flame hits the frost giant but does no damage.
The frost giant casts a spell at you.
The bolt of cold misses your flying skull.
The bolt of cold hits you!!
* * * LOW HITPOINT WARNING * * *
The bolt of cold hits Erica.
Erica resists.
The frost giant gestures at you while chanting.
The bolt of cold hits your flying skull!
Your flying skull resists.
The bolt of cold hits you!!
You die...
Your body rises from the dead as a mindless zombie.

#Z# #.# ##
#..### #.#
#$##.## ...####
#Z# #.....#
#..###.. #Z#
#....C#
...###... #Z#
#...z. #.## #...
#.# #...# ...
#... #Z# #...#
..# #...
#Z#####Z..#....#
#.####
#..ZZZ..@.'....#
#.....
#######...#.#..#
###### ##### ..
... . .######.
........
.######. #[
........
########


You could see a frost giant (ally target), a friendly flying skull, a friendly
rime drake zombie, a friendly killer bee zombie, a friendly troll zombie, the
friendly Erica the human zombie and a friendly howler monkey zombie.

Vanquished Creatures
  Erica (D:10)
  An oklob plant (D:9)
  A rime drake (D:10)
  A steam dragon (D:6)
  3 water moccasins
  2 ice beasts
  A sky beast (D:4)
  A necrophage (D:6)
  3 ogres
  A centaur (D:8)
  A phantom (D:7)
  A kobold brigand (D:10)
  A scorpion (D:4)
  A wyvern zombie (D:7)
  5 water moccasin zombies (Ossuary)
  2 killer bees
  3 howler monkeys
  6 wights
  A centaur zombie (D:7)
  A bullfrog zombie (D:6)
  2 hounds
  A centaur skeleton (D:4)
  2 orc priests (D:4)
  A bullfrog skeleton (D:7)
  An iguana (D:5)
  2 orc wizards
  A hound skeleton (D:4)
  2 mummies (Ossuary)
  3 gnolls
  A howler monkey skeleton (D:5)
  4 adders
  2 white imps
  3 adder zombies (Ossuary)
  2 worms (D:2)
  A dart slug (D:2)
  13 orcs
  5 endoplasms
  4 giant cockroaches
  A gnoll zombie (Ossuary)
  8 goblins
  6 hobgoblins
  3 jackals (D:1)
  12 kobolds
  2 quokkas
  2 ball pythons
  6 bats
  4 frilled lizards
  4 hobgoblin zombies (Ossuary)
  6 kobold zombies (Ossuary)
  7 orc zombies (Ossuary)
  2 rats
150 creatures vanquished.

Vanquished Creatures (collateral kills)
  A two-headed ogre (D:8)
  2 oklob plants (D:9)
  2 centaur zombies (D:10)
  A rime drake (D:10)
  3 trolls
  A shadow (D:9)
  A water moccasin (D:7)
  A floating eye (D:9)
  An orc warrior (D:9)
  2 ice beasts
  A centaur (D:9)
  A phantom (D:3)
  A kobold brigand (D:9)
  2 gnoll sergeants
  2 bullfrogs
  13 killer bees
  7 wights
  A howler monkey (D:4)
  Crazy Yiuf (D:7)
  An orc priest (D:9)
  Jessica (D:3)
  An orc wizard (D:9)
  11 gnolls
  An ufetubus (D:4)
  9 orcs
  2 bats (D:3)
  An endoplasm (D:2)
  A giant cockroach (D:3)
  A goblin (D:3)
  A hobgoblin (D:4)
  4 kobolds (D:9)
  2 quokkas
  A frilled lizard (D:2)
  A goblin zombie (D:8)
  A rat zombie (D:8)
83 creatures vanquished.

Vanquished Creatures (others)
  6 flying skulls
  A mummy (D:9)
  A centaur zombie (D:9)
  A bat zombie (D:3)
  An adder zombie (D:6)
  A giant cockroach zombie (D:4)
  3 gnoll zombies
  2 goblin zombies
  2 hobgoblin zombies
  A hound zombie (D:7)
  A howler monkey zombie (D:10)
  6 killer bee zombies (D:9)
  11 orc zombies
  A quokka zombie (D:4)
  12 plants (D:9)
50 creatures vanquished.

Grand Total: 283 creatures vanquished

Notes
Turn   | Place    | Note
-------+----------+-------------------------------------------
     0 | D:1      | thriggle the Troll Monk began the quest for the Orb.
     0 | D:1      | Reached XP level 1. HP: 22/22 MP: 0/0
   231 | D:1      | Reached XP level 2. HP: 29/29 MP: 1/1
   642 | D:1      | Reached XP level 3. HP: 36/36 MP: 2/2
   680 | D:1      | Found a faded altar of an unknown god.
   944 | D:1      | Became a worshipper of Yredelemnul the Dark
   944 | D:1      | Reached * piety under Yredelemnul
   944 | D:1      | Reached ** piety under Yredelemnul
  1054 | D:2      | Reached skill level 1 in Throwing
  1141 | D:2      | Reached *** piety under Yredelemnul
  1289 | D:2      | Reached skill level 1 in Invocations
  1516 | D:2      | Reached XP level 4. HP: 44/44 MP: 3/3
  2106 | D:3      | Found an iron altar of Okawaru.
  2306 | D:3      | Noticed Jessica
  2314 | D:3      | Killed Jessica
  2524 | D:3      | Noticed a phantom
  2530 | D:3      | Killed a phantom
  2531 | D:3      | Reached XP level 5. HP: 45/52 MP: 3/5
  2725 | D:4      | Reached skill level 1 in Shields
  3040 | D:4      | Reached XP level 6. HP: 44/61 MP: 4/6
  3440 | D:5      | Entered Level 5 of the Dungeon
  3473 | D:5      | Noticed a sky beast
  3519 | D:4      | Killed a sky beast
  3667 | D:5      | Reached XP level 7. HP: 58/67 MP: 7/7
  4482 | D:6      | Noticed a steam dragon
  4934 | D:6      | Killed a steam dragon
  5194 | D:6      | Reached XP level 8. HP: 43/76 MP: 7/9
  5413 | D:6      | Found a staircase to the Ecumenical Temple.
  5632 | D:7      | Reached skill level 1 in Evocations
  6079 | D:7      | Found a runed translucent door.
  6080 | D:7      | Noticed Crazy Yiuf
  6089 | D:7      | Killed Crazy Yiuf
  6090 | D:7      | Received a gift from Yredelemnul (3 flying skulls)
  6247 | D:8      | Found a sand-covered staircase.
  6284 | Ossuary  | Entered an ossuary
  6725 | D:8      | Noticed a two-headed ogre
  6730 | D:8      | Killed a two-headed ogre
  6731 | D:8      | Received a gift from Yredelemnul (4 flying skulls)
  6731 | D:8      | Reached XP level 9. HP: 84/84 MP: 10/10
  7476 | D:9      | Reached skill level 5 in Maces & Flails
  7476 | D:9      | Reached **** piety under Yredelemnul
  7482 | D:9      | Received a gift from Yredelemnul (a mummy)
  7482 | D:9      | Reached skill level 5 in Shields
  7560 | D:9      | Noticed an oklob plant
  7650 | D:9      | Noticed a troll
  7665 | D:9      | Killed a troll
  7780 | D:9      | Noticed an oklob plant
  7785 | D:9      | Noticed an oklob plant
  7785 | D:9      | Paralysed by a floating eye for 4 turns
  7804 | D:9      | Killed an oklob plant
  7813 | D:9      | Killed an oklob plant
  7814 | D:9      | Reached XP level 10. HP: 75/94 MP: 12/12
  7820 | D:9      | Killed an oklob plant
  7821 | D:9      | Reached skill level 5 in Dodging
  7894 | D:9      | Reached skill level 5 in Fighting
  8102 | D:10     | Entered Level 10 of the Dungeon
  8184 | D:10     | Identified a scroll of acquirement
  8184 | D:10     | Acquired 1027 gold pieces
  8539 | D:10     | Noticed a frost giant
  8716 | D:10     | Reached skill level 5 in Throwing
  8772 | D:10     | Noticed Erica
  8789 | D:10     | Killed Erica
  8790 | D:10     | Reached skill level 5 in Invocations
  8819 | D:10     | Killed from afar by a frost giant

Illustrated notes

Levels and vault maps discovered:
D:1:      psy_arrival_conway, layout_basic, ebering_ecumenical_altar_rust,
          minmay_pentomino_t2
D:2:      layout_loops_ring
D:3:      layout_rooms, okawaru_trees_1, uniq_jessica
D:4:      layout_cave_pools
D:5:      layout_layer_cave, minmay_between
D:6:      layout_basic, lemuel_temple_firewalk_b
D:7:      layout_cave_pools, uniq_crazy_yiuf_cottage
D:8:      layout_basic, enter_ossuary_4
D:9:      layout_big_octagon, disabler_island
D:10:     minmay_coctagon, layout_basic, grunt_ministairs_12,
          amcnicky_mini_pool_small, minmay_misc_feat_plants, minivault_10,
          uniq_erica

Skill      XL: |  1  2  3  4  5  6  7  8  9 10 |
---------------+-------------------------------+-----
Throwing       | 1 2 3 4 5 |  5.2
Maces & Flails | 3 4 5 6 |  6.0
Invocations    | 1 2 3 4 5 |  5.1
Shields        | 1 2 3 4 5 6 |  6.3
Fighting       | 3 4 5 |  5.4
Dodging        | 3 4 5 |  5.5
Stealth        | 2 3 |  3.7
Evocations     | 1 |  1.0

Action                   |  1- 3 |  4- 6 |  7- 9 | 10-12 || total
-------------------------+-------+-------+-------+-------++-------
Melee: Mace              |    94 |    89 |       |       ||   183
       Flail             |       |    58 |   356 |    91 ||   505
       Morningstar       |       |       |       |    23 ||    23
Throw: Stone             |     9 |       |    23 |     4 ||    36
       Dart              |       |       |    17 |     8 ||    25
       Throwing net      |       |       |       |     1 ||     1
Invok: Animate Dead      |     6 |    23 |    20 |     3 ||    52
       Animate Remains   |     4 |       |     1 |     4 ||     9
       Recall Undead Sla |       |     3 |     4 |     1 ||     8
       Injury Mirror     |       |     3 |     4 |     1 ||     8
Evoke: Wand              |       |       |       |     2 ||     2
  Use: Scroll            |       |     7 |     8 |     4 ||    19
       Potion            |       |     4 |       |     1 ||     5
 Stab: Sleeping          |     3 |     2 |     4 |       ||     9
       Invisible         |       |     2 |       |       ||     2
       Distracted        |       |       |       |     1 ||     1
Armor: Robe              |    55 |    67 |   108 |       ||   230
       Troll leather arm |       |       |     5 |    25 ||    30
Dodge: Dodged            |    67 |   119 |   225 |    51 ||   462
Block: Kite shield       |       |    82 |   269 |   109 ||   460
       Reflection        |       |       |       |     2 ||     2

Table legend: (Time is in decaauts)
 A = Elapsed time spent in this place.
 B = Non-inter-level travel time spent in this place.
 C = Inter-level travel time spent in this place.
 D = Time resting spent in this place.
 E = Time spent auto-exploring this place.
 F = Levels seen in this place.
 G = Mean time per level.
                   A        B        C        D        E       F      G
               +--------+--------+--------+--------+--------+-----+--------+
         Total |   9077 |   8805 |    272 |    421 |   5195 |  11 |  825.2 |
       Dungeon |   8706 |   8434 |    272 |    421 |   5195 |  10 |  870.6 |
       Ossuary |    370 |    370 |      0 |      0 |      0 |   1 |  370.0 |
               +--------+--------+--------+--------+--------+-----+--------+

Top non-repeatable levels by time:
     D:6: 1137 daAuts
     D:1: 1012 daAuts
     D:2: 979 daAuts
     D:5: 933 daAuts
     D:8: 924 daAuts
     D:4: 881 daAuts
     D:3: 795 daAuts
    D:10: 737 daAuts
     D:7: 664 daAuts
     D:9: 639 daAuts
 Ossuary: 370 daAuts
